 Dungeon Crawl Stone Soup version 0.28.0-45-g0d030f2227 (webtiles) character file.

Game seed: 16195765579649442476

13521 Kaptain the Geomancer (level 12, 0/76 HPs)
             Began as a Gargoyle Earth Elementalist on Apr 18, 2022.
             Slain by a death yak simulacrum (9 damage)
             ... in an ice cave.
             The game lasted 00:26:35 (13380 turns).

Kaptain the Geomancer (GrEE)                       Turns: 13380, Time: 00:26:37

Health: 0/76       AC: 26    Str: 12    XL:     12   Next: 6%
Magic:  13/24      EV: 12    Int: 21    God:
Gold:   642        SH:  0    Dex: 16    Spells: 23/27 levels left

rFire   . . .      SeeInvis .   r - +6 eveningstar
rCold   . . .      Faith    .   (no shield)
rNeg    + . .      Spirit   .   w - +2 swamp dragon scales
rPois   ∞          Reflect  .   a - +1 helmet
rElec   +          Harm     .   l - +1 cloak
rCorr   .          Rampage  .   c - +0 pair of gloves
Will    .....                   B - +0 pair of boots
Stlth   ++........              d - amulet of magic regeneration
HPRegen 0.22/turn               j - +6 ring of dexterity
MPRegen 0.59/turn               (no ring)

@: no status effects
A: sickness immunity, AC +8, negative energy resistance 1, electricity
resistance, torment resistance 1, petrification resistance
a: no special abilities


You were in an ice cave.
You visited 3 branches of the dungeon, and saw 13 of its levels.
You also visited: Ice Cave.

You collected 642 gold pieces.

Inventory:

Hand Weapons
 f - a +2 trident of flaming
 k - a +0 broad axe
 n - a +2 dagger of holy wrath
 q - a +0 hunting sling
 r - a +6 eveningstar (weapon)
 F - a +3 falchion of freezing
 G - a +4 mace of protection
Missiles
 b - 3 throwing nets
 m - 72 sling bullets
 o - 85 stones
 J - 6 silver javelins
Armour
 a - a +1 helmet (worn)
 c - a +0 pair of gloves (worn)
 l - a +1 cloak (worn)
 w - +2 swamp dragon scales (worn)
 B - a +0 pair of boots (worn)
 H - a +0 kite shield
Jewellery
 d - an amulet of magic regeneration (around neck)
 j - a +6 ring of dexterity (left hand)
 E - an amulet of the acrobat
Wands
 v - a wand of charming (6)
 y - a wand of iceblast (14)
 I - a wand of flame (7)
Scrolls
 g - 2 scrolls of blinking
 p - 2 scrolls of fear
 t - 5 scrolls of enchant armour
 u - 3 scrolls of fog
 x - 4 scrolls of identify
Potions
 e - 2 potions of cancellation
 h - 9 potions of ambrosia
 i - 3 potions of lignification
 s - a potion of flight
 z - 2 potions of curing
 A - 4 potions of brilliance
 C - a potion of berserk rage
 D - a potion of resistance


   Skills:
 * Level 9.2 Fighting
 + Level 6.4 Armour
 - Level 4.3 Dodging
 + Level 4.6 Stealth
 + Level 3.7 Shields
 * Level 8.0 Spellcasting
 * Level 9.1 Conjurations
 - Level 0.7 Transmutations
 * Level 10.8 Earth Magic


You had 23 spell levels left.
You knew the following spells:

 Your Spells              Type           Power      Damage    Failure   Level
a - Sandblast             Erth           100%       2d20      1%          1
b - Stone Arrow           Conj/Erth      100%       3d13      1%          3

Your spell library contained the following spells:

 Spells                   Type           Power      Damage    Failure   Level
 Passwall                 Tmut/Erth      26%        N/A       2%          2
 Static Discharge         Conj/Air       27%        N/A       3%          2
 Animate Skeleton         Necr           16%        N/A       16%         1
 Apportation              Tloc           16%        N/A       16%         1
 Summon Small Mammal      Summ           32%        N/A       16%         1
 Petrify                  Tmut/Erth      32%        N/A       16%         4
 Lightning Bolt           Conj/Air       13%        1d27      56%         5
 Maxwell's Capacitive Co  Air            4%         ∞         100%        8


Dungeon Overview and Level Annotations

Branches:
Dungeon (11/15)            Temple (1/1) D:6            Lair (1/6) D:11
    Orc (0/2) D:10          IceCv (1/1)

Altars:
Ashenzari
Cheibriados
Dithmenos
Elyvilon
Fedhas
Gozag
Hepliaklqana
Kikubaaqudgha
Makhleb
Nemelex Xobeh
Okawaru
Qazlal
Ru
Sif Muna
Trog
Uskayaw
Vehumet
Wu Jian
Xom
Yredelemnul
Zin
The Shining One
Beogh

Shops:
D:9 *??


Innate Abilities, Weirdness & Mutations

You are immune to sickness and miasma.
Your stone body is resilient. (AC +8)
You are immune to poison.
You resist negative energy. (rN+)
You are resistant to electric shocks. (rElec)
You are resistant to unholy torment.
You are immune to petrification.


Message History

Aim: a polar bear simulacrum (severely damaged, 98% to hit)
The blast of sand hits the polar bear simulacrum.
The polar bear simulacrum is almost destroyed.
Unknown command.
Casting: Sandblast (safe; 1% risk of failure)
Confirm with . or Enter, or press ? or * to list all spells.
Aiming: Sandblast (safe; 1% risk of failure)
Press: ? - help, Shift-Dir - straight line, f/p - polar bear simulacrum
Aim: a polar bear simulacrum (almost destroyed, 98% to hit)
The blast of sand hits the polar bear simulacrum.
The polar bear simulacrum vaporises!
Casting: Sandblast (safe; 1% risk of failure)
Confirm with . or Enter, or press ? or * to list all spells.
Aiming: Sandblast (safe; 1% risk of failure)
Press: ? - help, Shift-Dir - straight line, f - polar bear simulacrum
Aim: a polar bear simulacrum (freezing vapour, 98% to hit)
The blast of sand hits the polar bear simulacrum.
The polar bear simulacrum is lightly damaged.
The death yak simulacrum gores you. The death yak simulacrum freezes you!
Unknown command.
Unknown command.
Casting: Sandblast (safe; 1% risk of failure)
Confirm with . or Enter, or press ? or * to list all spells.
Aiming: Sandblast (safe; 1% risk of failure)
Press: ? - help, Shift-Dir - straight line, f/p - polar bear simulacrum
Aim: a polar bear simulacrum (freezing vapour, lightly damaged, 98% to hit)
The blast of sand hits the polar bear simulacrum!!
The polar bear simulacrum vaporises!
The death yak simulacrum gores you. The death yak simulacrum freezes you!!!
Ouch! That really hurt!
* * * LOW HITPOINT WARNING * * *
Casting: Sandblast (safe; 1% risk of failure)
Confirm with . or Enter, or press ? or * to list all spells.
Aiming: Sandblast (safe; 1% risk of failure)
Press: ? - help, Shift-Dir - straight line, f - death yak simulacrum
Aim: a death yak simulacrum (100% to hit)
The blast of sand hits the death yak simulacrum.
The death yak simulacrum is lightly damaged.
The death yak simulacrum gores you!
You die...

#### ##
##..##
##..##....##
#........Z.#
.......∩.°@#
..##.......#
###....##
##..## ####


You could see a death yak simulacrum.

Vanquished Creatures
  A hydra (D:11)
  A two-headed ogre (D:6)
  Urug (D:10)
  Pikel (D:8)
  A cyclops (D:10)
  2 kobold demonologists (D:11)
  Maggie (D:10)
  2 komodo dragons (Lair:1)
  A troll (D:6)
  A queen bee (D:9)
  Eustachio (D:6)
  2 wyverns
  4 yaks (Lair:1)
  A basilisk (D:10)
  3 steam dragons
  2 vampire mosquitoes (D:11)
  3 wargs
  2 acid dragons (D:10)
  6 water moccasins
  A sky beast (D:6)
  A hornet zombie (D:8)
  An ice beast (D:7)
  5 orc warriors
  2 ogres
  3 black bears
  8 centaurs
  A phantom (D:6)
  4 kobold brigands
  3 lemures
  5 bullfrogs
  4 gnoll sergeants
  A water moccasin zombie (D:5)
  3 scorpions
  A water moccasin skeleton (D:5)
  35 killer bees
  5 wights (D:9)
  A howler monkey (D:5)
  A bullfrog zombie (D:6)
  5 centaur zombies
  5 orc priests
  A jelly (D:7)
  Jessica (D:2)
  An iguana (D:6)
  9 orc wizards
  2 polar bear simulacra (IceCv)
  A wolf simulacrum (IceCv)
  Robin (D:2)
  A howler monkey skeleton (D:7)
  19 gnolls
  2 adders
  A shadow imp (D:6)
  3 worms
  2 dart slugs
  42 orcs
  4 endoplasms
  5 giant cockroaches
  15 goblins
  10 hobgoblins
  5 jackals
  16 kobolds
  3 quokkas
  7 ball pythons
  8 bats
  3 frilled lizards
  7 rats
300 creatures vanquished.

Vanquished Creatures (collateral kills)
  A black bear (D:6)
1 creature vanquished.

Vanquished Creatures (others)
  2 plants (Lair:1)
2 creatures vanquished.

Grand Total: 303 creatures vanquished

Notes
Turn   | Place    | Note
-------+----------+-------------------------------------------
     0 | D:1      | Kaptain the Gargoyle Earth Elementalist began the quest for
                  | the Orb.
     0 | D:1      | Reached XP level 1. HP: 10/10 MP: 3/3
   181 | D:1      | Reached XP level 2. HP: 16/16 MP: 1/5
   439 | D:1      | Reached skill level 1 in Fighting
   439 | D:1      | Reached skill level 1 in Conjurations
   685 | D:1      | Reached XP level 3. HP: 20/20 MP: 4/6
   690 | D:1      | Learned a level 3 spell: Stone Arrow
   905 | D:1      | Found a faded altar of an unknown god.
  1053 | D:2      | Reached skill level 4 in Earth Magic
  1378 | D:2      | Noticed Robin
  1394 | D:2      | HP: 1/20 [hobgoblin[Robin] (2)]
  1682 | D:1      | Reached skill level 1 in Armour
  1736 | D:2      | Killed Robin
  1737 | D:2      | Reached XP level 4. HP: 25/25 MP: 1/7
  2189 | D:2      | Noticed Jessica
  2213 | D:2      | HP: 1/25 [Jessica/+2 spectral club (2)]
  2217 | D:2      | Killed Jessica
  2218 | D:2      | Reached XP level 5. HP: 13/29 MP: 1/9
  3662 | D:4      | Noticed a black bear
  3671 | D:4      | Killed a black bear
  3672 | D:4      | Reached XP level 6. HP: 27/36 MP: 0/10
  3769 | D:4      | Reached skill level 5 in Earth Magic
  4813 | D:5      | Entered Level 5 of the Dungeon
  4835 | D:5      | Reached XP level 7. HP: 26/41 MP: 1/12
  6424 | D:6      | Noticed Eustachio
  6432 | D:6      | Killed Eustachio
  6433 | D:6      | Reached skill level 6 in Earth Magic
  6433 | D:6      | Reached XP level 8. HP: 44/48 MP: 1/14
  6522 | D:6      | Found a staircase to the Ecumenical Temple.
  6883 | Temple   | Entered the Ecumenical Temple
  7080 | D:6      | Noticed a troll
  7084 | D:6      | Noticed a two-headed ogre
  7308 | D:6      | Reached skill level 5 in Fighting
  7308 | D:6      | Reached skill level 5 in Conjurations
  7624 | D:6      | Reached XP level 9. HP: 54/54 MP: 11/16
  7662 | D:6      | Reached skill level 7 in Earth Magic
  7663 | D:6      | Reached skill level 5 in Spellcasting
  8002 | D:6      | Killed a two-headed ogre
  8085 | D:6      | Killed a troll
  8428 | D:7      | Reached skill level 8 in Earth Magic
  8709 | D:7      | Reached XP level 10. HP: 61/61 MP: 14/19
  9542 | D:8      | Found a hazy altar of Hepliaklqana.
  9545 | D:8      | Found a shadowy altar of Dithmenos.
  9546 | D:8      | Found a blossoming altar of Fedhas.
  9546 | D:8      | Found a white marble altar of Elyvilon.
  9547 | D:8      | Found an ornate altar of the Wu Jian Council.
  9682 | D:9      | Noticed Pikel
  9757 | D:8      | Killed Pikel
  9820 | D:9      | Found an opulent altar of Gozag.
  9863 | D:9      | Reached skill level 5 in Armour
  9930 | D:9      | Reached skill level 9 in Earth Magic
  9976 | D:9      | Found Pebumoh's Assorted Antiques.
 10297 | D:9      | Reached skill level 1 in Shields
 10360 | D:9      | Reached XP level 11. HP: 42/68 MP: 2/21
 10632 | D:9      | Found Uryipone's Magic Scroll Boutique.
 10637 | D:9      | Found Ymewocab's Magic Scroll Shoppe.
 10840 | D:10     | Entered Level 10 of the Dungeon
 10946 | D:10     | Noticed a cyclops
 10954 | D:10     | Killed a cyclops
 11179 | D:10     | Found a staircase to the Orcish Mines.
 11501 | D:10     | You fall into a shaft and drop 1 floor!
 11832 | D:10     | Noticed Maggie
 11839 | D:10     | Killed Maggie
 11881 | D:10     | Noticed Urug
 11892 | D:10     | Killed Urug
 11893 | D:10     | Reached skill level 10 in Earth Magic
 12251 | D:11     | Noticed a six-headed hydra
 12282 | D:11     | Killed a six-headed hydra
 13072 | D:11     | Found a staircase to the Lair.
 13085 | Lair:1   | Entered Level 1 of the Lair of Beasts
 13325 | Lair:1   | Found a frozen archway.
 13336 | Lair:1   | Reached XP level 12. HP: 54/76 MP: 8/24
 13367 | IceCv    | Entered an ice cave
 13380 | IceCv    | Slain by a death yak simulacrum

Illustrated notes

Levels and vault maps discovered:
D:1:      lemuel_arrival_muddy, layout_basic, ebering_ecumenical_altar_abandoned
D:2:      minmay_diamond_boxcup, layout_rooms, uniq_robin, uniq_jessica
D:3:      layout_basic, hangedman_decor_push, minmay_misc_feat_columns
D:4:      layout_gridville, kennysheep_path_1, chequers_serial_rivers_large_b
D:5:      layout_loops_ring, grunt_ministairs_4
D:6:      layout_basic, minmay_temple_entry_ruins, minmay_chambers_of_fives,
          uniq_eustachio
D:7:      layout_basic, nicolae_elevator_lobby_plus
D:8:      layout_cave_pools, grunt_temple_overflow_open, kennysheep_donut,
          dk_rats_in_the_wall
D:9:      layout_rooms, grunt_gozag_statues, serial_shops, shop, shop, shop,
          special_room [special_room_bee], blue_anna_alchemist, uniq_pikel
D:10:     layout_small_grid, david_orc_5, uniq_maggie, uniq_urug
D:11:     layout_cave_pools, erik_lair_orcish_takeover, uniq_psyche
Temple:   nicolae_temple_elliptical
Lair:1:   layout_chaotic_city, portal_ice_cave_entry_pillars_1,
          grunt_megastairs_5, lemuel_fruit_tree
IceCv:    ice_cave_small_necro

Skill      XL: |  1  2  3  4  5  6  7  8  9 10 11 |
---------------+----------------------------------+-----
Fighting       | 1 2 3 4 5 6 7 9 |  9.2
Conjurations   | 1 2 3 4 5 6 7 9 |  9.1
Earth Magic    | 4 5 6 8 9 10 | 10.8
Armour         | 1 2 3 4 5 6 |  6.4
Dodging        | 2 3 4 |  4.3
Spellcasting   | 3 4 6 7 8 |  8.0
Shields        | 1 3 |  3.7
Stealth        | 3 4 |  4.6
Transmutations | |  0.7

Action                   |  1- 3 |  4- 6 |  7- 9 | 10-12 || total
-------------------------+-------+-------+-------+-------++-------
Melee: Spear             |     5 |       |       |       ||     5
       Broad axe         |    18 |    40 |       |       ||    58
       Punch             |     1 |       |       |       ||     1
       Dagger            |       |       |    34 |       ||    34
       Eveningstar       |       |       |       |    21 ||    21
 Fire: Hunting sling     |       |    16 |     6 |       ||    22
Throw: Dart              |       |     4 |       |       ||     4
 Cast: Sandblast         |    47 |    28 |    28 |   113 ||   216
       Stone Arrow       |     1 |    29 |    75 |   230 ||   335
Evoke: Wand              |       |       |     2 |       ||     2
  Use: Scroll            |     3 |       |     8 |     8 ||    19
       Potion            |     1 |     3 |       |       ||     4
 Stab: Sleeping          |       |     1 |       |       ||     1
Armor: Robe              |    26 |    37 |       |       ||    63
       Leather armour    |       |    10 |    45 |       ||    55
       Ring mail         |       |       |     1 |   113 ||   114
       Swamp dragon scal |       |       |       |    92 ||    92
Dodge: Dodged            |    41 |    87 |    86 |   247 ||   461
